Cogmind - Beta 13 @@@ ROGUE MODE // 2024.06.13 @ 22:04:19 Player: ovsyanka Result: Destroyed by 67-AVK(R) with Subdweller Laser Performance ------------- Evolutions (0) 0 Regions Visited (3) 600 Robots Destroyed (53) 265 Value Destroyed (689) 689 Prototype IDs (2) 40 Alien Tech Used (0) 0 Bonus (0) 0 TOTAL SCORE: 1594 Bonus ------- None Cogmind --------- Core Integrity 0/250 Matter 99/300 Energy 200/200 System Corruption 0% Temperature Cool (6) Movement Treading (240) Ox1 Location -10/Subcaves Parts ------- > --- POWER (1) -------- Subdweller Power Source > --- PROPULSION (2) --- Light Treads > --- UTILITY (2) ------ Large Storage Unit > --- WEAPON (2) ------- Battle Cannon Hammer > --- INVENTORY (15) --- Light Ion Engine Improved Heat Sink Small Storage Unit High-capacity Matter Pod (200) Sensor Array Signal Interpreter Improved Terrain Scanner Terrain Scan Processor Targeting Computer ECM Suite Hacking Suite Heavy Battle Rifle Light Cannon Datajack Peak State ------------ > --- POWER ------------ Subdweller Power Source > --- PROPULSION ------- Light Treads Light Treads > --- UTILITY ---------- Large Storage Unit Subdweller Optics > --- WEAPON ----------- Battle Cannon Hammer > --- INVENTORY -------- Light Ion Engine Light Treads Improved Heat Sink Small Storage Unit High-capacity Matter Pod Sensor Array Signal Interpreter Improved Terrain Scanner Terrain Scan Processor Targeting Computer ECM Suite Hacking Suite Heavy Battle Rifle Light Cannon Datajack [Rating: 12] Favorites ----------- Power Ion Engine Engine Ion Engine Propulsion Light Treads Treads Light Treads Wheel Compact Wheel Utility Seismic Detector Device Seismic Detector Storage Large Storage Unit Weapon Light Cannon Energy Gun Medium Laser Ballistic Gun Light Assault Rifle Ballistic Cannon Light Cannon Impact Weapon Hammer Special Melee Weapon Datajack Build | -11 -10 -10 -10 ------- Run | Yrd Mat Min Sub Slots Evolved . | . . . . Power . | . . . . Propulsion . | . . . . Utility . | . . . . Weapon . | . . . . Parts Attached 30 | 11 9 1 9 Power 5 | 2 2 . 1 Engine 5 | 2 2 . 1 Core . | . . . . Reactor . | . . . . Propulsion 7 | 4 2 . 1 Treads 5 | 2 2 . 1 Leg . | . . . . Wheel 2 | 2 . . . Hover . | . . . . Flight . | . . . . Utility 6 | 3 2 . 1 Device 2 | 1 . . 1 Storage 4 | 2 2 . . Processor . | . . . . Hackware . | . . . . Protection . | . . . . Artifact . | . . . . Weapon 12 | 2 3 1 6 Energy Gun 1 | 1 . . . Energy Cannon . | . . . . Ballistic Gun 1 | 1 . . . Ballistic Cannon 6 | . 3 . 3 Launcher . | . . . . Special Weapon . | . . . . Impact Weapon 3 | . . 1 2 Slashing Weapon . | . . . . Piercing Weapon . | . . . . Special Melee Weapon 1 | . . . 1 Unidentified Prototypes . | . . . . Parts Lost 4 | . . . 4 Power . | . . . . Propulsion 2 | . . . 2 Utility 2 | . . . 2 Weapon . | . . . . Highest Loss Streak 2 | . . . 2 To Critical Strikes . | . . . . Average Slot Usage (%) 99 | . 99 100 96 Engine 14 | . 14 14 14 Treads 27 | . 28 28 25 Device 13 | . 14 14 13 Storage 14 | . 14 14 14 Ballistic Cannon 23 | . 27 17 22 Impact Weapon 4 | . . 10 5 Naked Turns . | . . . . Heaviest Build 92 | 14 92 32 33 Greatest Support 40 | 40 40 40 40 Greatest Overweight (x) 2 | . 2 . 1 Average Overweight (x) . | . . . . Largest Inventory Capacity 25 | 8 25 15 15 Average Capacity 13 | 7 12 15 15 Most Carried 16 | 8 16 15 15 Average Carried 12 | 5 10 15 14 Final Capacity 15 | 8 15 15 15 Final Carried 15 | 8 15 15 14 Class Distribution -------------------- 100% | Mutant Dominant Class ---------------- Mutant | -10/Materials Mutant | -10/Mines Mutant | -10/Subcaves Resources | -11 -10 -10 -10 ----------- Run | Yrd Mat Min Sub Matter Collected 1215 | 360 516 296 43 Remotely . | . . . . Salvage Created 1188 | 217 487 401 83 Parts 85 | 19 37 20 9 Haulers Intercepted 1 | . 1 . . Recyclers Shooed 1 | . 1 . . Parts Field Recycled . | . . . . Retrieved Matter . | . . . . Parts Self-Destructed 6 | . . . 6 Prevented . | . . . . Kills | -11 -10 -10 -10 ------- Run | Yrd Mat Min Sub Combat Hostiles Destroyed 21 | . 10 5 6 Melee 1 | . . . 1 Cannons 20 | . 10 5 5 Classes Destroyed 11 | 3 6 . 2 Worker 2 | 2 . . . Builder 10 | . 1 9 . Tunneler 7 | 6 1 . . Hauler 1 | . 1 . . Recycler 6 | 1 3 2 . Operator 2 | . 2 . . Turret 1 | . . . 1 Watcher 3 | . 3 . . Swarmer 13 | . 6 3 4 Grunt 6 | . 4 2 . Subdweller 2 | . . . 2 Best Kill Streak 4 | 3 3 3 4 Combat Bots Only 4 | . 3 3 4 Max Kills in Single Turn 2 | 1 1 2 1 Gunslinging . | . . . . Exploded . | . . . . Melee 1 | . . . 1 Uniques/NPCs Destroyed . | . . . . Combat | -11 -10 -10 -10 -------- Run | Yrd Mat Min Sub Hostile Shots Fired 146 | . 45 11 90 Missed 42 | . 8 2 32 Damage Taken 1241 | . 357 82 802 Core 269 | . 72 6 191 Absorbed by Shields . | . . . . Regen/Repaired (Parts) 86 | . 86 . . Core Remaining (%) 100 | 100 . . . Volleys Fired 111 | 27 51 13 20 Largest 2 | 2 2 2 2 Hottest 74 | 70 70 70 74 Shots Fired 222 | 54 102 26 40 Gun 54 | 54 . . . Cannon 168 | . 102 26 40 Launcher . | . . . . Special . | . . . . Kinetic 195 | 27 102 26 40 Thermal 27 | 27 . . . Explosive . | . . . . Electromagnetic . | . . . . Robot Hit Streak 11 | 5 7 11 11 Robot Miss Streak 4 | 4 4 2 3 Penetration Max . | . . . . Secondary Targets . | . . . . Shots Hit Robots 139 | 27 54 24 34 Core Hits 54 | 13 21 9 11 Critical Kills . | . . . . Critical Parts Destroyed 2 | . . 2 . Critical Strikes 8 | . 3 3 2 Blast 6 | . 3 1 2 Smash 2 | . . 2 . Melee Attacks 40 | . . 25 15 Impact 40 | . . 25 15 Slashing . | . . . . Piercing . | . . . . Sneak Attacks 12 | . . 11 1 Combat Hostiles . | . . . . Follow-up Attacks . | . . . . Damage Inflicted 2701 | 291 941 764 705 Guns 291 | 291 . . . Cannons 1631 | . 941 250 440 Explosions . | . . . . Melee 779 | . . 514 265 Ramming . | . . . . Kinetic 1721 | 90 941 250 440 Thermal 201 | 201 . . . Explosive . | . . . . Electromagnetic . | . . . . Impact 779 | . . 514 265 Slashing . | . . . . Piercing . | . . . . Highest Corruption . | . . . . Average Corruption . | . . . . Corruption Purged . | . . . . Corruption Blocked . | . . . . Overload Shots . | . . . . Overflow Damage 300 | . 11 286 3 Projectiles 14 | . 11 . 3 Explosions . | . . . . Melee 286 | . . 286 . Knockbacks 23 | . 12 4 7 Impact 2 | . . 1 1 Kinetic 19 | . 10 3 6 Secondary 2 | . 2 . . Self-Inflicted Damage . | . . . . Shots . | . . . . Rammed . | . . . . Targets Rammed . | . . . . Kicked . | . . . . Crushed . | . . . . Highest Temperature 142 | 142 91 45 . Average Temperature 34 | 55 26 17 . Received Heat Transfer 288 | . 69 15 204 Siege Activations . | . . . . Robots Corrupted . | . . . . Combat Hostiles . | . . . . Parts Fried 16 | . . 16 . Impact Corruptions 14 | . . 14 . Robots Melted . | . . . . Combat Hostiles . | . . . . Parts Melted . | . . . . Heat Transferred 592 | 592 . . . Parts Sabotaged . | . . . . Parts Stolen . | . . . . Parts Stripped . | . . . . Power Chain Reactions . | . . . . Alert | -11 -10 -10 -10 ------- Run | Yrd Mat Min Sub Peak Influence 199 | 45 199 163 . Initial 29 | . 29 . . Average 59 | 20 65 59 . Maximum Alert Level . | . . . . Low Security (%) 100 | 100 100 100 . Level 1 . | . . . . Level 2 . | . . . . Level 3 . | . . . . Level 4 . | . . . . Level 5 . | . . . . High Security . | . . . . Max Security . | . . . . Squads Dispatched 1 | . 1 . . Investigation 1 | . 1 . . Extermination . | . . . . Reinforcement . | . . . . Assault . | . . . . Garrison . | . . . . Intercept . | . . . . Searches Triggered . | . . . . Construction Impeded . | . . . . Haulers Reinforced . | . . . . Active Scanning Responses . | . . . . Cargo Convoy Interrupts . | . . . . Stealth | -11 -10 -10 -10 --------- Run | Yrd Mat Min Sub Distress Signals 1 | . 1 . . Communications Jammed . | . . . . Distress Signals . | . . . . Times Spotted 40 | . 16 5 19 Peak Tracking Total 4 | . 3 3 4 Tactical Retreats 3 | . . . 3 Traps | -11 -10 -10 -10 ------- Run | Yrd Mat Min Sub Traps Triggered 1 | . 1 . . Indirectly . | . . . . Trap Hack Attempts . | . . . . Triggered . | . . . . Disarmed . | . . . . Reprogrammed . | . . . . Reused . | . . . . Traps Extracted . | . . . . Installed . | . . . . Triggered . | . . . . Machines | -11 -10 -10 -10 ---------- Run | Yrd Mat Min Sub Machines Disabled 2 | . 1 . 1 Max in Single Turn 1 | . 1 . 1 Machines Repaired . | . . . . Machines Dismantled . | . . . . Machines Sabotaged . | . . . . Overloaded Fab Kills . | . . . . Hacking | -11 -10 -10 -10 --------- Run | Yrd Mat Min Sub Machines Accessed 9 | . 9 . . Terminals 7 | . 7 . . Fabricators . | . . . . Repair Stations 1 | . 1 . . Recycling Units 1 | . 1 . . Scanalyzers . | . . . . Garrison Access . | . . . . Total Hacks 16 | . 16 . . Successful 6 | . 6 . . Failed 10 | . 10 . . Catastrophic 4 | . 4 . . Database Lockouts . | . . . . Manual 11 | . 11 . . Terminals 13 | . 13 . . Fabricators . | . . . . Repair Stations 2 | . 2 . . Recycling Units 1 | . 1 . . Scanalyzers . | . . . . Garrison Access . | . . . . Terminal Hacks 3 | . 3 . . Prototype ID Bank 1 | . 1 . . Terminal Index 1 | . 1 . . Transport Status 1 | . 1 . . Fabricator Hacks . | . . . . Repair Station Hacks 2 | . 2 . . Scan Component 1 | . 1 . . Repair 1 | . 1 . . Recycling Unit Hacks 1 | . 1 . . Retrieve Components 1 | . 1 . . Scanalyzer . | . . . . Garrison Access Hacks . | . . . . Unauthorized Hacks . | . . . . Terminals . | . . . . Fabricators . | . . . . Repair Stations . | . . . . Recycling Units . | . . . . Scanalyzers . | . . . . Garrison Access . | . . . . Data Cores Recovered 1 | . 1 . . Used . | . . . . Hacking Detections 6 | . 6 . . Full Trace Events . | . . . . Feedback Events . | . . . . Feedback Blocked . | . . . . Robot Schematics Acquired . | . . . . Robots Built . | . . . . Authchips . | . . . . Time . | . . . . Total Robot Build Rating . | . . . . Part Schematics Acquired . | . . . . Parts Built . | . . . . Authchips . | . . . . Time . | . . . . Total Part Build Rating . | . . . . Parts Repaired 1 | . 1 . . Time 26 | . 26 . . Parts Recycled . | . . . . Recycled Matter . | . . . . Retrieved Matter . | . . . . Retrieved Components 9 | . 9 . . Parts Scanalyzed . | . . . . Part Schematics Acquired . | . . . . Parts Damaged . | . . . . Bothacking | -11 -10 -10 -10 ------------ Run | Yrd Mat Min Sub Used RIF Installer . | . . . . Robots Hacked . | . . . . Non-combat . | . . . . Combat . | . . . . Robot Hacks Applied . | . . . . Relay Couplers Released . | . . . . Fabnet Peak Effective % . | . . . . Robots Rewired . | . . . . Allies Hacked . | . . . . Hacks Repelled . | . . . . Allies | -11 -10 -10 -10 -------- Run | Yrd Mat Min Sub Total Allies . | . . . . Largest Group . | . . . . Highest-Rated Group . | . . . . Highest-Rated Ally . | . . . . Total Orders . | . . . . Ally Attacks . | . . . . Total Damage . | . . . . Kills . | . . . . Allies Corrupted . | . . . . Allies Melted . | . . . . Intel | -11 -10 -10 -10 ------- Run | Yrd Mat Min Sub Robot Analysis Total . | . . . . Derelict Logs Recovered 1 | . . 1 . Drone Launches . | . . . . Drone Recoveries . | . . . . Exploration | -11 -10 -10 -10 ------------- Run | Yrd Mat Min Sub Turns Passed 3355 | 241 1624 1108 382 Spaces Moved 1251 | 103 799 196 153 Core 4 | 4 . . . Treads 1218 | 70 799 196 153 Legs . | . . . . Wheels 29 | 29 . . . Hover . | . . . . Flight . | . . . . Fastest Speed 50 | 50 160 160 160 Average Speed 168 | 138 173 160 169 Slowest Speed 320 | 160 320 160 240 Overloaded Moves . | . . . . Propulsion Burnouts . | . . . . Robots Hopped . | . . . . Cave-ins Triggered . | . . . . Exploration Rate (%) 37 | 6 93 38 13 Regions Visited 3 Branch Regions 2 Pre-discovered Areas . | . . . . Known Exits Taken . | . . . . Unknown Exits Taken 3 | 1 1 1 . Scrap Searched 1 | . . . 1 Spaces Dug 9 | . . 9 . Terrain Destroyed 10 | . . 9 1 Melee 9 | . . 9 . Projectile 1 | . . . 1 AOE . | . . . . Terrain Rammed . | . . . . Walls Destroyed . | . . . . Machines Disabled . | . . . . Actions | -11 -10 -10 -10 --------- Run | Yrd Mat Min Sub Total 2218 | 149 939 921 209 Wait 737 | . 44 685 8 Move 1248 | 102 798 195 153 Hop . | . . . . Pick Up 30 | 8 20 1 1 Fast Attach 9 | 6 2 . 1 Attach 3 | 2 . . 1 Detach 1 | 1 . . . Swap 18 | 3 7 1 7 Drop 21 | . 17 1 3 Fire 111 | 27 51 13 20 Melee 40 | . . 25 15 Ram . | . . . . Kick . | . . . . Crush . | . . . . Escape Stasis . | . . . . Rewire . | . . . . Trap . | . . . . Miscellaneous . | . . . . Route ------- -11/Scrapyard -10/Materials (discovered 4 exits: [*Mat x3] / [*Min]) -10/Mines -10/Subcaves (discovered 1 exit: [*Rec]) History --------- Turn | Location | Event 6 | -11/Scrapyard | Discovered new exit (range 16) 242 | -11/Scrapyard | Entered Materials 311 | -10/Materials | Build established: Mutant 559 | -10/Materials | Discovered new exit (range 16) 782 | -10/Materials | Discovered new exit (range 10) 1481 | -10/Materials | Discovered new exit (range 9) 1551 | -10/Materials | Repaired Lgt. Cannon 1658 | -10/Materials | Discovered new exit (range 16) 1866 | -10/Materials | Entered Mines 1888 | -10/Mines | Learned location of 2 exits from Materials 2619 | -10/Mines | Discovered new exit (range 12) 2974 | -10/Mines | Entered Subcaves 3073 | -10/Subcaves | Core integrity fell below 50% 3198 | -10/Subcaves | Shifting Twisted Machinery released Riot Gun 3217 | -10/Subcaves | Shifting Twisted Machinery released Sub. Monowheel 3253 | -10/Subcaves | Discovered new exit (range 10) 3264 | -10/Subcaves | Core integrity fell below 20% 3356 | -10/Subcaves | Destroyed by 67-AVK(R) with Subdweller Laser Last Messages --------------- 03238_ Lgt. Ion Engine fries itself beyond repair. 03239_ Destroyed Flight Unit. 03242_ S-10 Pest Lgt. Assault Rifle blasted off. 03242_ S-10 Pest destroyed. 03245_ S-10 Pest knocked back. 03247_ Lgt. Ion Engine fries itself beyond repair. 03247_ Lgt. Assault Rifle fries itself beyond repair. 03248_ Flight Unit fries itself beyond repair. 03248_ S-10 Pest destroyed. 03251_ Acquired 12 matter. 03253_ Acquired 6 matter. 03253_ EXIT=FOUND 03254_ Autobeam Turret knocked back. 03257_ Machine disabled. 03258_ Flight Unit fries itself beyond repair. 03259_ Lgt. Treads destroyed. 03269_ Autobeam Turret destroyed. 03280_ Acquired 2 matter. 03338_ Lgt. Treads destroyed. 03340_ Sub. Optics destroyed. Map ----- +----------------------------------------------------+ | ???????????????????????????????## & #?## # | | ???????????????????????????????# ## =##### | | ??????????????????????????????## #### ### | | ??????????????????????????????# #??# ## | | ??????????????????????????????# #### ### | | ??????????????????????????????# ##? | | ??????????????????????????????# #? | | ??????????????????????????????### ###? | | ????????????????????????????????## ##??? | | ?????????????????????????????????# ######? | | ???????????????????????????####### # # | | ??????????????????????????## | | ?????????????????????????## | | ?????????????????????????# # ### | | ?????????????????????????# ## ##?##?? | | ?????????????????????????# ?## ##??????? | | ?????????????????????????# ??# # ##???????? | | ?????????????????????????##???## #####????????? | | ??????????????????????????????# ##????????????? | | ??????????????????????????????## ###????????????? | | ???????????????????????????????# #????????????? | | ??????????????????????????????## #????????????? | | ??????????????????????????????# #????????? " | | ??????????????????????######### #????? | | ??????????????????????#"#R # # ## | | ???????????????????????# @ #?????? | | ??????????????????????## #?????? | | ??????????????????????#" ####### #?????? | | ??????????????????????## #?????# #### ? | | ??????????????????????# #?????# ##???? | | ?????????????????????### ##?????#####??????? | | ?????????????????????# ##????????????????? | | ?????????????????????# #??????????????????? | | ?????????????????????## #????????????????????? | | ??????????????????????### ##????????????????????? | | ???????????????????????## [#????????????????????? | | ???????????????????????# "#????????????????????? | | ???????????????????????### "#????????????????????? | | ????????????????????????## #????????????????????? | | ???????????????????##??## #????????????????????? | | ??????????????????##"### #????????????????????? | | ?????????????????##" = #????????????????????? | | ?????????????????# % ##????????????????????? | | ????????????????#"%[ ### #?????????????????????? | | ????????????????## % ##?# #?????????????????????? | | ???????????????" % ???####?????????????????????? | | ??????????????# ????????????????????????????? | | ??????????????# ????????????????????????????? | | ??????????????# % ?????????????????????????????? | | ??????????????# % ?????????????????????????????? | +----------------------------------------------------+ Best States ------------- Heat Dissipation 25 Energy Generation 15 Energy Capacity 250 Matter Stores 350 Matter Capacity 350 Sight Range 21 Terrain Scan Density 10 Evasion (%) 40 Recoil Reduction 2 Item Schematics ----------------- None Robot Schematics ------------------ None Fabricated ------------ Nothing Alien Tech Used ----------------- None Achievements -------------- None Challenges ------------ None Game ------ Seed ReinforcedMatterConstruct Manual? 0 Play Time 00:20:51 Cumulative 28.1 hours Start 2024.06.13 @ 21:43:46 End 2024.06.13 @ 22:04:19 Sessions 1 Manual Loads 0 Difficulty Rogue Special Mode None Game No. 17 Rogue 4 Adventurer 13 Explorer 0 Win Type - Total 0 Types 0/0/0/0/0/0/0/0/0 Lore% 20 Gallery% 32 Achievement% 28 Wizard Run 0 Options --------- Layout 2 ASCII 0 Keyboard 0 Movement Numpad Keybinds 0 Fullscreen 2 Font 16/Swanston Map View 55x47 Zoom Use 0% Tactical HUD 1 Map Filters NONE Filters NONE Steam 0 RUN: 058ba6c2-e43a-4832-b0bb-8f062298d7bc